BALTIMORE EAGLES vs SHEDIAC CRUNCH

Created - 15 avril 2024 at 21:13

Goals
1 2 3 T
BALTIMORE EAGLES 1 4 2 7
SHEDIAC CRUNCH 2 0 0 2
Shots
1 2 3 T
BALTIMORE EAGLES 12 27 22 61
SHEDIAC CRUNCH 8 15 2 25

1st period

1. BALTIMORE EAGLES , William Bitten 43 (William Trudeau 29, Raphael Lavoie 53) at 2:43
2. SHEDIAC CRUNCH , Zach Sanford 22 (Zack MacEwen 24) at 6:06
3. SHEDIAC CRUNCH , Zack MacEwen 29 (Zach Sanford 13) at 15:46 (SH)

Penalties :
Jeremy Davies (SHE) for Hooking (Minor) at 15:00

2nd period

4. BALTIMORE EAGLES , Kiefer Sherwood 30 (Dylan Gambrell 19, Nick Cousins 35) at 1:47 (PP)
5. BALTIMORE EAGLES , Nick Cousins 21 (Kiefer Sherwood 32, Dylan Gambrell 20) at 3:27
6. BALTIMORE EAGLES , Bobby Nardella 13 (Dylan Gambrell 21, William Bitten 65) at 6:41
7. BALTIMORE EAGLES , Nick Cousins 22 (Kiefer Sherwood 33, Dylan Gambrell 22) at 15:57

Penalties :
Jeremy Davies (SHE) for Hooking (Minor) at 0:25, Adam Karashik (SHE) for Slashing (Minor) at 5:41, Mitchell Stephens (BAL) for Hooking (Minor) at 5:41

3rd period

8. BALTIMORE EAGLES , Nick Cousins 23 (Seth Griffith 49, Raphael Lavoie 54) at 3:09
9. BALTIMORE EAGLES , Kiefer Sherwood 31 (Nick Cousins 36) at 9:04

Penalties :
Adam Karashik (SHE) for High sticking (Minor) at 0:51, Adam Karashik (SHE) for Tripping (Minor) at 3:12, Brett Murray (BAL) for Interference (Minor) at 9:05, Joseph Cramarossa (SHE) for Interference (Minor) at 16:27

Goalie Stats

Felix Sandstrom (BAL), 23 saves from 25 shots - (0,920), W, 47-26-8, 60:00 minutes
Dryden McKay (SHE), 54 saves from 61 shots - (0,885), L, 4-24-5, 60:00 minutes

Players Stats for BALTIMORE EAGLES

Player Name              G  A  P  +/- PIM S  H  SB GA TA FO     MP     PP MP  PK MP  
------------------------------------------------------------------------------------
Bobby Nardella           1  0  1   2  0   2  1  4  0  0  0/0    21:09   3:39   0:51 
Brett Murray             0  0  0  -1  2   3  3  0  0  0  0/2    24:36   4:50   0:00 
Cal O'Reilly             0  0  0   0  0   0  0  0  0  0  0/0     0:00   0:00   0:00 
Cameron Gaunce           0  0  0   1  0   0  3  0  0  0  0/0    13:28   0:00   0:00 
Corey Schueneman         0  0  0   2  0   2  1  0  0  0  0/0    21:09   3:39   0:51 
Dominik Shine            0  0  0   0  0   0  0  0  0  0  0/0     0:00   0:00   0:00 
Dylan Gambrell           0  4  4   4  0   10 2  2  0  0  3/4    18:11   4:28   0:45 
Josh Melnick             0  0  0   1  0   3  0  0  0  0  1/1    12:04   0:00   0:00 
Kiefer Sherwood          2  2  4   3  0   9  4  0  0  0  0/1    21:41   4:28   1:14 
Leon Gawanke             0  0  0   1  0   1  6  1  0  0  0/0    25:23   5:39   1:08 
Mitchell Stephens        0  0  0   0  2   3  1  0  0  0  2/4     8:25   0:00   0:00 
Nick Cousins             3  2  5   4  0   10 1  1  0  0  15/28  24:50   4:28   0:45 
Nikolas Brouillard       0  0  0   1  0   0  0  0  0  0  0/0    13:28   0:00   0:00 
Raphael Lavoie           0  2  2  -1  0   4  1  0  0  0  2/4    24:37   4:50   0:00 
Seth Griffith            0  1  1   1  0   3  0  0  0  0  8/14   12:33   0:00   0:29 
William Bitten           1  1  2   0  0   10 0  1  0  0  16/30  26:15   4:50   0:45 
William Trudeau          0  1  1   1  0   1  1  2  0  0  0/0    25:23   5:39   1:08 
Zac Dalpe                0  0  0   0  0   0  0  0  0  0  1/1     2:48   0:00   0:00 

Players Stats for SHEDIAC CRUNCH

Player Name              G  A  P  +/- PIM S  H  SB GA TA FO     MP     PP MP  PK MP  
------------------------------------------------------------------------------------
Adam Brubacher           0  0  0  -1  0   1  1  2  0  0  0/0    14:05   0:00   0:16 
Adam Karashik            0  0  0  -1  6   0  4  5  0  0  0/0    19:20   0:54   2:38 
Adam Smith               0  0  0  -2  0   1  1  2  0  0  0/0    15:35   0:00   3:20 
Alan Quine               0  0  0  -2  0   3  3  0  0  0  12/18  21:52   0:43   4:19 
Alex Galchenyuk          0  0  0  -2  0   2  2  0  0  0  2/4    17:27   0:43   0:24 
Alex Whelan              0  0  0  -2  0   3  0  1  0  0  0/0    14:07   0:00   0:00 
Andrei Bakanov           0  0  0   0  0   1  0  0  0  0  0/0     4:28   0:00   0:00 
Blake McLaughlin         0  0  0   0  0   0  0  0  0  0  0/0     0:00   0:00   0:00 
Brayden Burke            0  0  0  -2  0   0  0  0  0  0  0/0    14:07   0:00   0:00 
Brogan Rafferty          0  0  0   0  0   3  3  2  0  0  0/0    25:17   1:05   4:49 
Filip Engaras            0  0  0   0  0   0  0  0  0  0  5/7     4:28   0:00   0:00 
Jeremy Davies            0  0  0  -1  4   1  4  1  0  0  0/0    23:09   1:05   2:43 
Joseph Cramarossa        0  0  0  -2  2   0  4  0  0  0  4/13   14:06   0:00   0:00 
Kyle Olson               0  0  0  -2  0   1  0  0  0  0  2/5    17:03   0:43   0:00 
Seth Barton              0  0  0  -3  0   1  2  1  0  0  0/0    22:29   0:54   4:50 
Tanner Kero              0  0  0   0  0   1  0  0  0  0  2/6    17:54   1:16   4:19 
Zach Sanford             1  1  2   0  0   4  0  0  0  0  1/2    19:33   1:16   4:59 
Zack MacEwen             1  1  2   0  0   3  4  0  0  0  13/34  23:37   1:16   4:35 

3 Stars

1 - Nick Cousins (BAL)
2 - Kiefer Sherwood (BAL)
3 - Dylan Gambrell (BAL)

Power Play

BALTIMORE EAGLES - 1 on 5 Attempt(s) - 20,00%
SHEDIAC CRUNCH - 0 on 1 Attempt(s) - 0,00%

Penalty Kill

BALTIMORE EAGLES - 1 on 1 Attempt(s) - 100,00% - Score 0 goal in Penalty Kill
SHEDIAC CRUNCH - 4 on 5 Attempt(s) - 80,00% - Score 1 goal in Penalty Kill

Team Stat

BALTIMORE EAGLES - Hits : 24 - Faceoff Wins : 48 - Blocked Shots : 11 - Penalty Minutes : 4
SHEDIAC CRUNCH - Hits : 28 - Faceoff Wins : 41 - Blocked Shots : 14 - Penalty Minutes : 12

Official

Referees : Tom Chmielewski and Graham Skilliter
Linesman : Steve Barton and Luke Galvin

Game Notes

Nick Cousins has scored a Hat Trick!

BALTIMORE EAGLES

5 vs 5 Forward 
   Center                   Left Wing                Right Wing               Time % Phy DF OF 
 1 Nick Cousins             Kiefer Sherwood          Dylan Gambrell           36     1   2  2  
 2 William Bitten           Brett Murray             Raphael Lavoie           31     1   2  2  
 3 Seth Griffith            Nick Cousins             Josh Melnick             23     1   2  2  
 4 Nick Cousins             Kiefer Sherwood          Zac Dalpe                10     1   2  2  

5 vs 5 Defense 
   Defense                  Defense                                           Time % Phy DF OF 
 1 Leon Gawanke             William Trudeau                                   36     1   2  2  
 2 Bobby Nardella           Corey Schueneman                                  31     1   2  2  
 3 Cameron Gaunce           Nikolas Brouillard                                23     1   2  2  
 4 Leon Gawanke             William Trudeau                                   10     1   2  2  

PowerPlay Forward 
   Center                   Left Wing                Right Wing               Time % Phy DF OF 
 1 Nick Cousins             Kiefer Sherwood          Dylan Gambrell           55     1   2  2  
 2 William Bitten           Brett Murray             Raphael Lavoie           45     1   2  2  

PowerPlay Defense
   Defense                  Defense                                           Time % Phy DF OF 
 1 Leon Gawanke             William Trudeau                                   55     1   2  2  
 2 Bobby Nardella           Corey Schueneman                                  45     1   2  2  

Penalty Kill 4 Players Forward 
   Center                   Wing                     Time % Phy DF OF 
 1 Nick Cousins             Kiefer Sherwood          55     1   2  2  
 2 Dylan Gambrell           William Bitten           45     1   2  2  

Penalty Kill 4 Players Defense
   Defense                  Defense                  Time % Phy DF OF 
 1 Leon Gawanke             William Trudeau          55     1   2  2  
 2 Bobby Nardella           Corey Schueneman         45     1   2  2  

Penalty Kill - 3 Players Forward 
   Forward                                           Time % Phy DF OF 
 1 Nick Cousins                                      55     1   2  2  
 2 Kiefer Sherwood                                   45     1   2  2  

Penalty Kill - 3 Players Defense
   Defense                  Defense                  Time % Phy DF OF 
 1 Leon Gawanke             William Trudeau          55     1   2  2  
 2 Bobby Nardella           Corey Schueneman         45     1   2  2  

4 vs 4 Forward 
   Center                   Wing                     Time % Phy DF OF 
 1 Nick Cousins             Kiefer Sherwood          55     1   2  2  
 2 Dylan Gambrell           William Bitten           45     1   2  2  

4 vs 4 Defense
   Defense                  Defense                  Time % Phy DF OF 
 1 Leon Gawanke             William Trudeau          55     1   2  2  
 2 Bobby Nardella           Corey Schueneman         45     1   2  2  

Last Minutes Offensive
   Center                   Left Wing                Right Wing               Defense                  Defense                  
   Nick Cousins             Kiefer Sherwood          Dylan Gambrell           Leon Gawanke             William Trudeau          

Last Minutes Defensive
   Center                   Left Wing                Right Wing               Defense                  Defense                  
   Nick Cousins             Kiefer Sherwood          Dylan Gambrell           Leon Gawanke             William Trudeau          

Goaltenders
Starting : Felix Sandstrom          
Backup : Jiri Patera              

Extra Forwards
Normal : Mitchell Stephens, Cal O'Reilly, Seth Griffith - PP : Mitchell Stephens, Cal O'Reilly - PK : Seth Griffith
Extra Defensemen
Normal : Cameron Gaunce, Nikolas Brouillard, Bobby Nardella - PP : Cameron Gaunce - PK : Nikolas Brouillard, Bobby Nardella
Penalty Shots
Nick Cousins, Kiefer Sherwood, Dylan Gambrell, William Bitten, Brett Murray

Scratches
Dennis Cesana (Healthy), Alex-Olivier Voyer (Healthy), Cameron Hillis (Healthy), Hunter Drew (Healthy), Kyle Criscuolo (Right Leg Injury)
Montana Onyebuchi (Healthy), Roman Ahcan (Healthy), Xavier Bernard (Healthy), Xavier Bouchard (Healthy), Nikita Nesterenko (Healthy)
Oscar Dansk (Healthy)

SHEDIAC CRUNCH

5 vs 5 Forward 
   Center                   Left Wing                Right Wing               Time % Phy DF OF 
 1 Zack MacEwen             Zach Sanford             Tanner Kero              36     1   2  2  
 2 Alan Quine               Alex Galchenyuk          Kyle Olson               31     1   2  2  
 3 Joseph Cramarossa        Brayden Burke            Alex Whelan              23     1   2  2  
 4 Filip Engaras            Andrei Bakanov           Zack MacEwen             10     1   2  2  

5 vs 5 Defense 
   Defense                  Defense                                           Time % Phy DF OF 
 1 Brogan Rafferty          Jeremy Davies                                     36     1   2  2  
 2 Seth Barton              Adam Karashik                                     31     1   2  2  
 3 Adam Brubacher           Adam Smith                                        23     1   2  2  
 4 Brogan Rafferty          Jeremy Davies                                     10     1   2  2  

PowerPlay Forward 
   Center                   Left Wing                Right Wing               Time % Phy DF OF 
 1 Zack MacEwen             Zach Sanford             Tanner Kero              55     1   2  2  
 2 Alan Quine               Alex Galchenyuk          Kyle Olson               45     1   2  2  

PowerPlay Defense
   Defense                  Defense                                           Time % Phy DF OF 
 1 Brogan Rafferty          Jeremy Davies                                     55     1   2  2  
 2 Seth Barton              Adam Karashik                                     45     1   2  2  

Penalty Kill 4 Players Forward 
   Center                   Wing                     Time % Phy DF OF 
 1 Zack MacEwen             Zach Sanford             55     1   2  2  
 2 Tanner Kero              Alan Quine               45     1   2  2  

Penalty Kill 4 Players Defense
   Defense                  Defense                  Time % Phy DF OF 
 1 Brogan Rafferty          Jeremy Davies            55     1   2  2  
 2 Seth Barton              Adam Karashik            45     1   2  2  

Penalty Kill - 3 Players Forward 
   Forward                                           Time % Phy DF OF 
 1 Zack MacEwen                                      55     1   2  2  
 2 Zach Sanford                                      45     1   2  2  

Penalty Kill - 3 Players Defense
   Defense                  Defense                  Time % Phy DF OF 
 1 Brogan Rafferty          Jeremy Davies            55     1   2  2  
 2 Seth Barton              Adam Karashik            45     1   2  2  

4 vs 4 Forward 
   Center                   Wing                     Time % Phy DF OF 
 1 Zack MacEwen             Zach Sanford             55     1   2  2  
 2 Tanner Kero              Alan Quine               45     1   2  2  

4 vs 4 Defense
   Defense                  Defense                  Time % Phy DF OF 
 1 Brogan Rafferty          Jeremy Davies            55     1   2  2  
 2 Seth Barton              Adam Karashik            45     1   2  2  

Last Minutes Offensive
   Center                   Left Wing                Right Wing               Defense                  Defense                  
   Zack MacEwen             Zach Sanford             Tanner Kero              Brogan Rafferty          Jeremy Davies            

Last Minutes Defensive
   Center                   Left Wing                Right Wing               Defense                  Defense                  
   Zack MacEwen             Zach Sanford             Tanner Kero              Brogan Rafferty          Jeremy Davies            

Goaltenders
Starting : Dryden McKay             
Backup : Darion Hanson            

Extra Forwards
Normal : Blake McLaughlin, Alex Whelan, Joseph Cramarossa - PP : Blake McLaughlin, Alex Whelan - PK : Joseph Cramarossa
Extra Defensemen
Normal : Adam Brubacher, Adam Smith, Seth Barton - PP : Adam Brubacher - PK : Adam Smith, Seth Barton
Penalty Shots
Zack MacEwen, Zach Sanford, Tanner Kero, Alan Quine, Kyle Olson

Scratches
Haydn Fleury (Healthy), Alex Fortin (Healthy), Anthony Vincent (Healthy), Mark Borowiecki (Left Knee Injury), Ben Berard (Healthy)
Matt Luff (Healthy), Jacob Pivonka (Healthy)

% Time on Ice - BALTIMORE EAGLES

Lines # - Real PCT - Wanted PCT - Time Play
Normal Forward
1 - 26% - 36% - 12:05
2 - 42% - 31% - 19:47
3 - 26% - 23% - 12:04
4 - 6% - 10% - 2:48
Normal Defense
1 - 33% - 36% - 15:31
2 - 34% - 31% - 15:46
3 - 29% - 23% - 13:28
4 - 4% - 10% - 1:59
PP Forward
1 - 48% - 55% - 4:28
2 - 52% - 45% - 4:50
PP Defense
1 - 61% - 55% - 5:39
2 - 39% - 45% - 3:39
PK Forward
1 - 62% - 55% - 1:14
2 - 38% - 45% - 0:45
PK Defense
1 - 57% - 55% - 1:08
2 - 43% - 45% - 0:51
PK3 Forward
1 - 0% - 55%
2 - 0% - 45%
PK3 Defense
1 - 0% - 55%
2 - 0% - 45%
44 Forward
1 - 55% - 55% - 1:06
2 - 45% - 45% - 0:53
44 Defense
1 - 55% - 55% - 1:06
2 - 45% - 45% - 0:53
Last Minute Offensive  - 0:00
Last Minute Defensive  - 0:00
Total
Forward - 60:00
Defense - 60:00

% Time on Ice - SHEDIAC CRUNCH

Lines # - Real PCT - Wanted PCT - Time Play
Normal Forward
1 - 25% - 36% - 11:49
2 - 35% - 31% - 16:20
3 - 30% - 23% - 14:07
4 - 10% - 10% - 4:28
Normal Defense
1 - 37% - 36% - 17:09
2 - 33% - 31% - 15:16
3 - 27% - 23% - 12:35
4 - 4% - 10% - 1:44
PP Forward
1 - 64% - 55% - 1:16
2 - 36% - 45% - 0:43
PP Defense
1 - 55% - 55% - 1:05
2 - 45% - 45% - 0:54
PK Forward
1 - 54% - 55% - 4:59
2 - 46% - 45% - 4:19
PK Defense
1 - 52% - 55% - 4:49
2 - 48% - 45% - 4:29
PK3 Forward
1 - 0% - 55%
2 - 0% - 45%
PK3 Defense
1 - 0% - 55%
2 - 0% - 45%
44 Forward
1 - 75% - 55% - 1:29
2 - 25% - 45% - 0:30
44 Defense
1 - 25% - 55% - 0:30
2 - 75% - 45% - 1:29
Last Minute Offensive  - 0:00
Last Minute Defensive  - 0:00
Total
Forward - 60:00
Defense - 60:00

Play-by-Play

1st period


0:01 of 1st period - Zack MacEwen wins face-off versus Kiefer Sherwood in neutral zone.
0:33 of 1st period - Shot by Zach Sanford.
0:33 of 1st period - Shot Blocked by William Trudeau.
1:09 of 1st period - Icing by Corey Schueneman.
1:10 of 1st period - William Bitten wins face-off versus Joseph Cramarossa in BALTIMORE EAGLES zone.
1:10 of 1st period - William Bitten is hit by Joseph Cramarossa.
1:22 of 1st period - Shot by William Bitten.
1:22 of 1st period - Shot Blocked by Alex Whelan.
1:35 of 1st period - Shot by Raphael Lavoie.
1:35 of 1st period - Stopped by Dryden McKay without a rebound.
1:36 of 1st period - Seth Griffith wins face-off versus Alan Quine in SHEDIAC CRUNCH zone.
2:26 of 1st period - Alan Quine is hit by Raphael Lavoie and loses puck.
2:41 of 1st period - Shot by William Bitten.
2:41 of 1st period - Stopped by Dryden McKay with a rebound.
2:43 of 1st period - Shot by William Trudeau.
2:43 of 1st period - Deflect By William Bitten.
2:43 of 1st period - Goal by William Bitten - BALTIMORE EAGLES : 1 - SHEDIAC CRUNCH : 0.
2:44 of 1st period - Filip Engaras wins face-off versus William Bitten in neutral zone.
2:46 of 1st period - Zack MacEwen is hit by Bobby Nardella and loses puck.
2:53 of 1st period - Shot by Zack MacEwen.
2:53 of 1st period - Shot Blocked by Bobby Nardella.
2:55 of 1st period - Shot by Jeremy Davies.
2:55 of 1st period - Shot Blocked by William Bitten.
3:11 of 1st period - Shot by Zack MacEwen.
3:11 of 1st period - Shot Blocked by Bobby Nardella.
3:37 of 1st period - Shot by Joseph Cramarossa.
3:37 of 1st period - Shot Misses the Net.
3:39 of 1st period - Shot by Joseph Cramarossa.
3:39 of 1st period - Shot Misses the Net.
3:41 of 1st period - Shot by Adam Brubacher.
3:41 of 1st period - Stopped by Felix Sandstrom without a rebound.
3:42 of 1st period - Zac Dalpe wins face-off versus Joseph Cramarossa in BALTIMORE EAGLES zone.
4:37 of 1st period - Josh Melnick is hit by Brogan Rafferty and loses puck.
4:56 of 1st period - Shot by Zack MacEwen.
4:56 of 1st period - Stopped by Felix Sandstrom without a rebound.
4:57 of 1st period - Raphael Lavoie wins face-off versus Alex Galchenyuk in BALTIMORE EAGLES zone.
5:02 of 1st period - Shot by Raphael Lavoie.
5:02 of 1st period - Stopped by Dryden McKay without a rebound.
5:03 of 1st period - Alan Quine wins face-off versus Mitchell Stephens in SHEDIAC CRUNCH zone.
5:22 of 1st period - Shot by Dylan Gambrell.
5:22 of 1st period - Shot Misses the Net.
5:25 of 1st period - Icing by Kyle Olson.
5:26 of 1st period - William Bitten wins face-off versus Alan Quine in SHEDIAC CRUNCH zone.
5:26 of 1st period - William Bitten is hit by Adam Karashik.
5:39 of 1st period - William Bitten is hit by Adam Karashik and loses puck.
5:45 of 1st period - Kyle Olson is hit by William Trudeau and loses puck.
6:04 of 1st period - Shot by Zach Sanford.
6:04 of 1st period - Shot Misses the Net.
6:06 of 1st period - Shot by Zach Sanford.
6:06 of 1st period - Goal by Zach Sanford - BALTIMORE EAGLES : 1 - SHEDIAC CRUNCH : 1.
6:07 of 1st period - Joseph Cramarossa wins face-off versus Nick Cousins in neutral zone.
6:10 of 1st period - Shot by Joseph Cramarossa.
6:10 of 1st period - Deflect By Alex Whelan.
6:10 of 1st period - Stopped by Felix Sandstrom with a rebound.
6:18 of 1st period - Shot by Kiefer Sherwood.
6:18 of 1st period - Shot Misses the Net.
6:24 of 1st period - Shot by Nick Cousins.
6:24 of 1st period - Stopped by Dryden McKay with a rebound.
6:26 of 1st period - Shot by Nick Cousins.
6:26 of 1st period - Deflect By Kiefer Sherwood.
6:26 of 1st period - Shot Misses the Net.
6:28 of 1st period - Shot by Dylan Gambrell.
6:28 of 1st period - Shot Misses the Net.
6:30 of 1st period - Shot by Kiefer Sherwood.
6:30 of 1st period - Stopped by Dryden McKay without a rebound.
6:31 of 1st period - Zack MacEwen wins face-off versus Seth Griffith in SHEDIAC CRUNCH zone.
6:38 of 1st period - Shot by Tanner Kero.
6:38 of 1st period - Shot Misses the Net.
6:54 of 1st period - Shot by Zach Sanford.
6:54 of 1st period - Stopped by Felix Sandstrom with a rebound.
6:56 of 1st period - Shot by Brogan Rafferty.
6:56 of 1st period - Stopped by Felix Sandstrom without a rebound.
6:57 of 1st period - Joseph Cramarossa wins face-off versus Raphael Lavoie in BALTIMORE EAGLES zone.
7:09 of 1st period - Shot by Joseph Cramarossa.
7:09 of 1st period - Shot Blocked by Leon Gawanke.
7:17 of 1st period - Shot by Brett Murray.
7:17 of 1st period - Shot Misses the Net.
7:39 of 1st period - Shot by William Bitten.
7:39 of 1st period - Shot Misses the Net.
8:34 of 1st period - Shot by Zack MacEwen.
8:34 of 1st period - Stopped by Felix Sandstrom without a rebound.
8:35 of 1st period - Seth Griffith wins face-off versus Filip Engaras in BALTIMORE EAGLES zone.
8:35 of 1st period - Seth Griffith is hit by Zack MacEwen.
9:08 of 1st period - Shot by Seth Griffith.
9:08 of 1st period - Deflect By Josh Melnick.
9:08 of 1st period - Shot Blocked by Adam Karashik.
10:16 of 1st period - Brogan Rafferty is hit by Leon Gawanke and loses puck.
10:33 of 1st period - Shot by Alan Quine.
10:33 of 1st period - Shot Blocked by William Trudeau.
10:45 of 1st period - Shot by William Bitten.
10:45 of 1st period - Stopped by Dryden McKay without a rebound.
10:46 of 1st period - Mitchell Stephens wins face-off versus Zack MacEwen in SHEDIAC CRUNCH zone.
11:12 of 1st period - Zack MacEwen is hit by Cameron Gaunce and loses puck.
12:08 of 1st period - Shot by Josh Melnick.
12:08 of 1st period - Shot Misses the Net.
12:10 of 1st period - Shot by Leon Gawanke.
12:10 of 1st period - Stopped by Dryden McKay with a rebound.
12:26 of 1st period - Shot by Josh Melnick.
12:26 of 1st period - Stopped by Dryden McKay without a rebound.
12:27 of 1st period - Nick Cousins wins face-off versus Alan Quine in SHEDIAC CRUNCH zone.
12:42 of 1st period - Shot by Kiefer Sherwood.
12:42 of 1st period - Shot Misses the Net.
12:45 of 1st period - Icing by Jeremy Davies.
12:46 of 1st period - Alan Quine wins face-off versus William Bitten in SHEDIAC CRUNCH zone.
12:50 of 1st period - Jeremy Davies is hit by Leon Gawanke and loses puck.
13:08 of 1st period - Alan Quine is hit by Leon Gawanke.
14:04 of 1st period - Adam Brubacher is hit by Nick Cousins and loses puck.
14:37 of 1st period - Shot by Kiefer Sherwood.
14:37 of 1st period - Stopped by Dryden McKay with a rebound.
14:43 of 1st period - Shot by Kiefer Sherwood.
14:43 of 1st period - Stopped by Dryden McKay without a rebound.
14:44 of 1st period - Filip Engaras wins face-off versus William Bitten in SHEDIAC CRUNCH zone.
14:44 of 1st period - Filip Engaras is hit by Brett Murray.
15:00 of 1st period - Minor Penalty to Jeremy Davies for Hooking.
15:01 of 1st period - Zack MacEwen wins face-off versus Nick Cousins in SHEDIAC CRUNCH zone.
15:01 of 1st period - Zack MacEwen is hit by Kiefer Sherwood.
15:25 of 1st period - Shot by Nick Cousins.
15:25 of 1st period - Shot Blocked by Brogan Rafferty.
15:27 of 1st period - Shot by Dylan Gambrell.
15:27 of 1st period - Shot Misses the Net.
15:29 of 1st period - Shot by Dylan Gambrell.
15:29 of 1st period - Deflect By Kiefer Sherwood.
15:29 of 1st period - Shot Misses the Net.
15:40 of 1st period - Icing by Raphael Lavoie.
15:41 of 1st period - Zack MacEwen wins face-off versus Brett Murray in BALTIMORE EAGLES zone.
15:46 of 1st period - Shot by Zack MacEwen.
15:46 of 1st period - Goal by Zack MacEwen - BALTIMORE EAGLES : 1 - SHEDIAC CRUNCH : 2.
15:47 of 1st period - William Bitten wins face-off versus Zack MacEwen in neutral zone.
15:59 of 1st period - Raphael Lavoie is hit by Adam Karashik and loses puck.
17:07 of 1st period - Icing by Adam Brubacher.
17:08 of 1st period - Joseph Cramarossa wins face-off versus Seth Griffith in SHEDIAC CRUNCH zone.
17:23 of 1st period - Shot by Brayden Burke.
17:23 of 1st period - Shot Misses the Net.
17:32 of 1st period - Shot by Seth Griffith.
17:32 of 1st period - Deflect By Josh Melnick.
17:32 of 1st period - Shot Misses the Net.
17:34 of 1st period - Shot by Josh Melnick.
17:34 of 1st period - Stopped by Dryden McKay without a rebound.
17:35 of 1st period - Alan Quine wins face-off versus William Bitten in SHEDIAC CRUNCH zone.
17:37 of 1st period - Icing by Alex Galchenyuk.
17:38 of 1st period - Alan Quine wins face-off versus William Bitten in SHEDIAC CRUNCH zone.
17:43 of 1st period - William Trudeau is hit by Alan Quine and loses puck.
18:12 of 1st period - Leon Gawanke is hit by Alan Quine and loses puck.
18:36 of 1st period - Zach Sanford is hit by Leon Gawanke and loses puck.
18:52 of 1st period - Shot by Tanner Kero.
18:52 of 1st period - Deflect By Zach Sanford.
18:52 of 1st period - Shot Misses the Net.
19:15 of 1st period - Dylan Gambrell is hit by Adam Brubacher and loses puck.
19:34 of 1st period - Shot by Kiefer Sherwood.
19:34 of 1st period - Shot Misses the Net.
19:36 of 1st period - Shot by Dylan Gambrell.
19:36 of 1st period - Shot Misses the Net.
19:38 of 1st period - Shot by Bobby Nardella.
19:38 of 1st period - Shot Misses the Net.
19:54 of 1st period - Icing by Josh Melnick.
19:55 of 1st period - Seth Griffith wins face-off versus Joseph Cramarossa in BALTIMORE EAGLES zone.
Goals for this period are 1 for BALTIMORE EAGLES vs 2 for SHEDIAC CRUNCH.
Shots for this period are 12 for BALTIMORE EAGLES vs 8 for SHEDIAC CRUNCH.

2nd period


0:01 of 2nd period - Zack MacEwen wins face-off versus Nick Cousins in neutral zone.
0:25 of 2nd period - Minor Penalty to Jeremy Davies for Hooking.
0:26 of 2nd period - Zack MacEwen wins face-off versus Raphael Lavoie in SHEDIAC CRUNCH zone.
0:37 of 2nd period - Shot by Bobby Nardella.
0:37 of 2nd period - Shot Blocked by Adam Karashik.
0:39 of 2nd period - Shot by Bobby Nardella.
0:39 of 2nd period - Shot Misses the Net.
0:41 of 2nd period - Shot by Bobby Nardella.
0:41 of 2nd period - Shot Misses the Net.
0:43 of 2nd period - Shot by Bobby Nardella.
0:43 of 2nd period - Stopped by Dryden McKay with a rebound.
0:45 of 2nd period - Shot by Corey Schueneman.
0:45 of 2nd period - Stopped by Dryden McKay with a rebound.
0:47 of 2nd period - Shot by Corey Schueneman.
0:47 of 2nd period - Shot Misses the Net.
0:49 of 2nd period - Shot by William Bitten.
0:49 of 2nd period - Stopped by Dryden McKay without a rebound.
0:50 of 2nd period - Nick Cousins wins face-off versus Tanner Kero in SHEDIAC CRUNCH zone.
0:51 of 2nd period - Shot by Kiefer Sherwood.
0:51 of 2nd period - Deflect By Dylan Gambrell.
0:51 of 2nd period - Stopped by Dryden McKay without a rebound.
0:52 of 2nd period - Tanner Kero wins face-off versus Nick Cousins in SHEDIAC CRUNCH zone.
1:09 of 2nd period - Shot by Kiefer Sherwood.
1:09 of 2nd period - Stopped by Dryden McKay without a rebound.
1:10 of 2nd period - William Bitten wins face-off versus Zack MacEwen in SHEDIAC CRUNCH zone.
1:23 of 2nd period - Shot by Raphael Lavoie.
1:23 of 2nd period - Stopped by Dryden McKay without a rebound.
1:24 of 2nd period - Nick Cousins wins face-off versus Zach Sanford in SHEDIAC CRUNCH zone.
1:25 of 2nd period - Shot by Kiefer Sherwood.
1:25 of 2nd period - Stopped by Dryden McKay with a rebound.
1:47 of 2nd period - Shot by Kiefer Sherwood.
1:47 of 2nd period - Goal by Kiefer Sherwood - BALTIMORE EAGLES : 2 - SHEDIAC CRUNCH : 2.
1:48 of 2nd period - William Bitten wins face-off versus Alan Quine in neutral zone.
1:48 of 2nd period - William Bitten is hit by Alex Galchenyuk.
2:47 of 2nd period - Icing by Brogan Rafferty.
2:48 of 2nd period - Nick Cousins wins face-off versus Joseph Cramarossa in SHEDIAC CRUNCH zone.
2:50 of 2nd period - Dylan Gambrell is hit by Brogan Rafferty and loses puck.
3:13 of 2nd period - Shot by Dylan Gambrell.
3:13 of 2nd period - Shot Misses the Net.
3:15 of 2nd period - Shot by Dylan Gambrell.
3:15 of 2nd period - Deflect By Kiefer Sherwood.
3:15 of 2nd period - Shot Misses the Net.
3:17 of 2nd period - Shot by Nick Cousins.
3:17 of 2nd period - Shot Misses the Net.
3:19 of 2nd period - Shot by Kiefer Sherwood.
3:19 of 2nd period - Shot Misses the Net.
3:21 of 2nd period - Shot by Kiefer Sherwood.
3:21 of 2nd period - Shot Misses the Net.
3:23 of 2nd period - Shot by Nick Cousins.
3:23 of 2nd period - Stopped by Dryden McKay with a rebound.
3:25 of 2nd period - Shot by Kiefer Sherwood.
3:25 of 2nd period - Shot Misses the Net.
3:27 of 2nd period - Shot by Nick Cousins.
3:27 of 2nd period - Goal by Nick Cousins - BALTIMORE EAGLES : 3 - SHEDIAC CRUNCH : 2.
3:28 of 2nd period - Seth Griffith wins face-off versus Zack MacEwen in neutral zone.
3:43 of 2nd period - Shot by Zach Sanford.
3:43 of 2nd period - Stopped by Felix Sandstrom without a rebound.
3:44 of 2nd period - Filip Engaras wins face-off versus William Bitten in BALTIMORE EAGLES zone.
3:44 of 2nd period - Zack MacEwen is hit by Cameron Gaunce and loses puck.
3:49 of 2nd period - Shot by Zack MacEwen.
3:49 of 2nd period - Shot Hit the Post.
3:51 of 2nd period - Shot by Seth Barton.
3:51 of 2nd period - Stopped by Felix Sandstrom with a rebound.
4:06 of 2nd period - Shot by Andrei Bakanov.
4:06 of 2nd period - Stopped by Felix Sandstrom without a rebound.
4:07 of 2nd period - Nick Cousins wins face-off versus Kyle Olson in BALTIMORE EAGLES zone.
4:52 of 2nd period - Shot by Raphael Lavoie.
4:52 of 2nd period - Shot Misses the Net.
4:54 of 2nd period - Shot by Raphael Lavoie.
4:54 of 2nd period - Shot Hit the Post.
4:56 of 2nd period - Shot by Corey Schueneman.
4:56 of 2nd period - Shot Misses the Net.
5:02 of 2nd period - Shot by William Bitten.
5:02 of 2nd period - Deflect By Brett Murray.
5:02 of 2nd period - Shot Misses the Net.
5:41 of 2nd period - Minor Penalty to Adam Karashik for Slashing.
5:41 of 2nd period - Minor Penalty to Mitchell Stephens for Hooking.
5:42 of 2nd period - Nick Cousins wins face-off versus Zack MacEwen in SHEDIAC CRUNCH zone.
5:43 of 2nd period - Shot by Kiefer Sherwood.
5:43 of 2nd period - Stopped by Dryden McKay with a rebound.
5:45 of 2nd period - Shot by Kiefer Sherwood.
5:45 of 2nd period - Stopped by Dryden McKay with a rebound.
5:47 of 2nd period - Shot by Nick Cousins.
5:47 of 2nd period - Stopped by Dryden McKay without a rebound.
5:48 of 2nd period - Zack MacEwen wins face-off versus Nick Cousins in SHEDIAC CRUNCH zone.
5:48 of 2nd period - Zack MacEwen is hit by Kiefer Sherwood.
6:00 of 2nd period - Shot by Zack MacEwen.
6:00 of 2nd period - Shot Blocked by Nick Cousins.
6:17 of 2nd period - Icing by Zach Sanford.
6:18 of 2nd period - Dylan Gambrell wins face-off versus Zack MacEwen in SHEDIAC CRUNCH zone.
6:26 of 2nd period - Off-side.
6:27 of 2nd period - Dylan Gambrell wins face-off versus Zack MacEwen in neutral zone.
6:30 of 2nd period - Zach Sanford is hit by Dylan Gambrell and loses puck.
6:37 of 2nd period - Shot by William Bitten.
6:37 of 2nd period - Stopped by Dryden McKay with a rebound.
6:39 of 2nd period - Shot by Dylan Gambrell.
6:39 of 2nd period - Shot Misses the Net.
6:41 of 2nd period - Shot by Bobby Nardella.
6:41 of 2nd period - Goal by Bobby Nardella - BALTIMORE EAGLES : 4 - SHEDIAC CRUNCH : 2.
6:42 of 2nd period - Nick Cousins wins face-off versus Tanner Kero in neutral zone.
6:45 of 2nd period - Shot by Kiefer Sherwood.
6:45 of 2nd period - Shot Misses the Net.
6:54 of 2nd period - Tanner Kero is hit by Leon Gawanke and loses puck.
6:59 of 2nd period - Shot by Alan Quine.
6:59 of 2nd period - Shot Misses the Net.
7:11 of 2nd period - Shot by Tanner Kero.
7:11 of 2nd period - Stopped by Felix Sandstrom without a rebound.
7:12 of 2nd period - Dylan Gambrell wins face-off versus Zack MacEwen in BALTIMORE EAGLES zone.
7:21 of 2nd period - Shot by Dylan Gambrell.
7:21 of 2nd period - Stopped by Dryden McKay with a rebound.
7:32 of 2nd period - Shot by Zach Sanford.
7:32 of 2nd period - Shot Blocked by Dylan Gambrell.
7:34 of 2nd period - Shot by Zack MacEwen.
7:34 of 2nd period - Shot Misses the Net.
7:36 of 2nd period - Shot by Zach Sanford.
7:36 of 2nd period - Stopped by Felix Sandstrom with a rebound.
7:38 of 2nd period - Shot by Zack MacEwen.
7:38 of 2nd period - Shot Blocked by Bobby Nardella.
7:44 of 2nd period - Shot by Brogan Rafferty.
7:44 of 2nd period - Deflect By Alex Whelan.
7:44 of 2nd period - Shot Misses the Net.
7:46 of 2nd period - Shot by Brogan Rafferty.
7:46 of 2nd period - Shot Misses the Net.
7:48 of 2nd period - Shot by Jeremy Davies.
7:48 of 2nd period - Stopped by Felix Sandstrom with a rebound.
8:06 of 2nd period - Raphael Lavoie is hit by Joseph Cramarossa and loses puck.
8:33 of 2nd period - Shot by Seth Griffith.
8:33 of 2nd period - Stopped by Dryden McKay without a rebound.
8:34 of 2nd period - Filip Engaras wins face-off versus Nick Cousins in SHEDIAC CRUNCH zone.
8:34 of 2nd period - Filip Engaras is hit by Dylan Gambrell.
9:00 of 2nd period - Shot by Nick Cousins.
9:00 of 2nd period - Stopped by Dryden McKay with a rebound.
9:02 of 2nd period - Shot by Nick Cousins.
9:02 of 2nd period - Shot Misses the Net.
9:04 of 2nd period - Shot by Dylan Gambrell.
9:04 of 2nd period - Shot Blocked by Adam Karashik.
9:06 of 2nd period - Shot by Dylan Gambrell.
9:06 of 2nd period - Stopped by Dryden McKay without a rebound.
9:07 of 2nd period - Alan Quine wins face-off versus Brett Murray in SHEDIAC CRUNCH zone.
9:07 of 2nd period - Alan Quine is hit by Brett Murray.
9:15 of 2nd period - Shot by Kyle Olson.
9:15 of 2nd period - Deflect By Alan Quine.
9:15 of 2nd period - Shot Misses the Net.
9:29 of 2nd period - Alan Quine is hit by Corey Schueneman and loses puck.
9:38 of 2nd period - Shot by William Bitten.
9:38 of 2nd period - Stopped by Dryden McKay with a rebound.
10:07 of 2nd period - Shot by Brogan Rafferty.
10:07 of 2nd period - Shot Blocked by Bobby Nardella.
11:02 of 2nd period - Shot by Zach Sanford.
11:02 of 2nd period - Shot Misses the Net.
11:49 of 2nd period - Shot by Seth Griffith.
11:49 of 2nd period - Stopped by Dryden McKay without a rebound.
11:50 of 2nd period - Alan Quine wins face-off versus Mitchell Stephens in SHEDIAC CRUNCH zone.
11:54 of 2nd period - Icing by Kyle Olson.
11:55 of 2nd period - Josh Melnick wins face-off versus Alan Quine in SHEDIAC CRUNCH zone.
12:12 of 2nd period - Shot by Alan Quine.
12:12 of 2nd period - Stopped by Felix Sandstrom without a rebound.
12:13 of 2nd period - Mitchell Stephens wins face-off versus Joseph Cramarossa in BALTIMORE EAGLES zone.
12:13 of 2nd period - Mitchell Stephens is hit by Joseph Cramarossa.
12:24 of 2nd period - Brayden Burke is hit by Leon Gawanke and loses puck.
12:27 of 2nd period - Shot by Alex Whelan.
12:27 of 2nd period - Stopped by Felix Sandstrom without a rebound.
12:28 of 2nd period - Alan Quine wins face-off versus Seth Griffith in BALTIMORE EAGLES zone.
12:45 of 2nd period - Shot by Alex Galchenyuk.
12:45 of 2nd period - Stopped by Felix Sandstrom without a rebound.
12:46 of 2nd period - William Bitten wins face-off versus Joseph Cramarossa in BALTIMORE EAGLES zone.
13:14 of 2nd period - Shot by Brayden Burke.
13:14 of 2nd period - Shot Misses the Net.
14:01 of 2nd period - Icing by Bobby Nardella.
14:02 of 2nd period - Nick Cousins wins face-off versus Alan Quine in BALTIMORE EAGLES zone.
14:11 of 2nd period - Shot by Kiefer Sherwood.
14:11 of 2nd period - Shot Misses the Net.
14:21 of 2nd period - Shot by Mitchell Stephens.
14:21 of 2nd period - Stopped by Dryden McKay without a rebound.
14:22 of 2nd period - William Bitten wins face-off versus Joseph Cramarossa in SHEDIAC CRUNCH zone.
14:22 of 2nd period - William Bitten is hit by Adam Smith.
14:26 of 2nd period - Shot by William Bitten.
14:26 of 2nd period - Deflect By Raphael Lavoie.
14:26 of 2nd period - Shot Blocked by Adam Brubacher.
14:48 of 2nd period - Shot by Alex Whelan.
14:48 of 2nd period - Stopped by Felix Sandstrom with a rebound.
14:50 of 2nd period - Shot by Adam Smith.
14:50 of 2nd period - Stopped by Felix Sandstrom without a rebound.
14:51 of 2nd period - Zack MacEwen wins face-off versus Seth Griffith in BALTIMORE EAGLES zone.
14:52 of 2nd period - Shot by Zach Sanford.
14:52 of 2nd period - Shot Misses the Net.
14:58 of 2nd period - Shot by Tanner Kero.
14:58 of 2nd period - Shot Misses the Net.
15:00 of 2nd period - Shot by Brogan Rafferty.
15:00 of 2nd period - Stopped by Felix Sandstrom without a rebound.
15:01 of 2nd period - Kyle Olson wins face-off versus Nick Cousins in BALTIMORE EAGLES zone.
15:10 of 2nd period - Shot by Alex Galchenyuk.
15:10 of 2nd period - Stopped by Felix Sandstrom with a rebound.
15:12 of 2nd period - Shot by Alex Galchenyuk.
15:12 of 2nd period - Deflect By Alan Quine.
15:12 of 2nd period - Shot Misses the Net.
15:14 of 2nd period - Shot by Adam Karashik.
15:14 of 2nd period - Deflect By Alan Quine.
15:14 of 2nd period - Shot Misses the Net.
15:18 of 2nd period - Shot by Kyle Olson.
15:18 of 2nd period - Stopped by Felix Sandstrom without a rebound.
15:19 of 2nd period - William Bitten wins face-off versus Zack MacEwen in BALTIMORE EAGLES zone.
15:19 of 2nd period - Raphael Lavoie is hit by Zack MacEwen and loses puck.
15:25 of 2nd period - William Bitten is hit by Jeremy Davies and loses puck.
15:28 of 2nd period - Shot by William Bitten.
15:28 of 2nd period - Shot Misses the Net.
15:30 of 2nd period - Shot by Raphael Lavoie.
15:30 of 2nd period - Deflect By William Bitten.
15:30 of 2nd period - Stopped by Dryden McKay with a rebound.
15:32 of 2nd period - Shot by William Bitten.
15:32 of 2nd period - Shot Misses the Net.
15:34 of 2nd period - Shot by William Trudeau.
15:34 of 2nd period - Shot Misses the Net.
15:36 of 2nd period - Shot by Brett Murray.
15:36 of 2nd period - Stopped by Dryden McKay without a rebound.
15:37 of 2nd period - Alan Quine wins face-off versus Nick Cousins in SHEDIAC CRUNCH zone.
15:37 of 2nd period - Alan Quine is hit by Kiefer Sherwood.
15:55 of 2nd period - Shot by Nick Cousins.
15:55 of 2nd period - Shot Blocked by Adam Karashik.
15:57 of 2nd period - Shot by Kiefer Sherwood.
15:57 of 2nd period - Deflect By Nick Cousins.
15:57 of 2nd period - Goal by Nick Cousins - BALTIMORE EAGLES : 5 - SHEDIAC CRUNCH : 2.
15:58 of 2nd period - Zack MacEwen wins face-off versus William Bitten in neutral zone.
16:04 of 2nd period - Off-side.
16:05 of 2nd period - William Bitten wins face-off versus Zack MacEwen in neutral zone.
16:08 of 2nd period - Shot by Raphael Lavoie.
16:08 of 2nd period - Stopped by Dryden McKay without a rebound.
16:09 of 2nd period - Zach Sanford wins face-off versus William Bitten in SHEDIAC CRUNCH zone.
16:32 of 2nd period - Off-side.
16:33 of 2nd period - Alan Quine wins face-off versus Nick Cousins in neutral zone.
16:36 of 2nd period - Shot by Alan Quine.
16:36 of 2nd period - Stopped by Felix Sandstrom without a rebound.
16:37 of 2nd period - Nick Cousins wins face-off versus Kyle Olson in BALTIMORE EAGLES zone.
17:06 of 2nd period - Shot by Nick Cousins.
17:06 of 2nd period - Shot Blocked by Adam Karashik.
17:23 of 2nd period - Icing by Seth Barton.
17:24 of 2nd period - Alan Quine wins face-off versus William Bitten in SHEDIAC CRUNCH zone.
17:24 of 2nd period - Alan Quine is hit by Brett Murray.
17:58 of 2nd period - Icing by Zack MacEwen.
17:59 of 2nd period - Seth Griffith wins face-off versus Tanner Kero in SHEDIAC CRUNCH zone.
17:59 of 2nd period - Nick Cousins is hit by Brogan Rafferty and loses puck.
18:16 of 2nd period - Zach Sanford is hit by Cameron Gaunce.
18:50 of 2nd period - Shot by Raphael Lavoie.
18:50 of 2nd period - Shot Blocked by Adam Smith.
19:44 of 2nd period - Shot by Dylan Gambrell.
19:44 of 2nd period - Stopped by Dryden McKay with a rebound.
19:46 of 2nd period - Shot by Dylan Gambrell.
19:46 of 2nd period - Shot Misses the Net.
19:48 of 2nd period - Shot by Dylan Gambrell.
19:48 of 2nd period - Shot Misses the Net.
Goals for this period are 4 for BALTIMORE EAGLES vs 0 for SHEDIAC CRUNCH.
Shots for this period are 27 for BALTIMORE EAGLES vs 15 for SHEDIAC CRUNCH.

3rd period


0:01 of 3rd period - Zack MacEwen wins face-off versus Nick Cousins in neutral zone.
0:11 of 3rd period - Dylan Gambrell is hit by Jeremy Davies and loses puck.
0:17 of 3rd period - Shot by Dylan Gambrell.
0:17 of 3rd period - Stopped by Dryden McKay without a rebound.
0:18 of 3rd period - William Bitten wins face-off versus Joseph Cramarossa in SHEDIAC CRUNCH zone.
0:50 of 3rd period - William Bitten is hit by Seth Barton and loses puck.
0:51 of 3rd period - Minor Penalty to Adam Karashik for High sticking.
0:52 of 3rd period - Nick Cousins wins face-off versus Zack MacEwen in SHEDIAC CRUNCH zone.
0:57 of 3rd period - Shot by Nick Cousins.
0:57 of 3rd period - Shot Misses the Net.
0:59 of 3rd period - Shot by Dylan Gambrell.
0:59 of 3rd period - Stopped by Dryden McKay without a rebound.
1:00 of 3rd period - Nick Cousins wins face-off versus Zack MacEwen in SHEDIAC CRUNCH zone.
1:01 of 3rd period - Shot by Dylan Gambrell.
1:01 of 3rd period - Shot Misses the Net.
1:03 of 3rd period - Shot by Dylan Gambrell.
1:03 of 3rd period - Stopped by Dryden McKay without a rebound.
1:04 of 3rd period - Zack MacEwen wins face-off versus Nick Cousins in SHEDIAC CRUNCH zone.
1:04 of 3rd period - Zack MacEwen is hit by Kiefer Sherwood.
1:11 of 3rd period - Icing by William Trudeau.
1:12 of 3rd period - Nick Cousins wins face-off versus Zack MacEwen in BALTIMORE EAGLES zone.
1:35 of 3rd period - Icing by Dylan Gambrell.
1:36 of 3rd period - Nick Cousins wins face-off versus Zack MacEwen in BALTIMORE EAGLES zone.
1:55 of 3rd period - Shot by Dylan Gambrell.
1:55 of 3rd period - Shot Blocked by Jeremy Davies.
2:29 of 3rd period - Shot by William Bitten.
2:29 of 3rd period - Deflect By Brett Murray.
2:29 of 3rd period - Shot Blocked by Adam Smith.
2:31 of 3rd period - Shot by William Bitten.
2:31 of 3rd period - Shot Misses the Net.
2:41 of 3rd period - Shot by Brett Murray.
2:41 of 3rd period - Stopped by Dryden McKay with a rebound.
2:43 of 3rd period - Shot by Corey Schueneman.
2:43 of 3rd period - Stopped by Dryden McKay without a rebound.
2:44 of 3rd period - William Bitten wins face-off versus Zack MacEwen in SHEDIAC CRUNCH zone.
2:49 of 3rd period - Shot by William Bitten.
2:49 of 3rd period - Stopped by Dryden McKay without a rebound.
2:50 of 3rd period - William Bitten wins face-off versus Zack MacEwen in SHEDIAC CRUNCH zone.
2:53 of 3rd period - Shot by Raphael Lavoie.
2:53 of 3rd period - Shot Hit the Post.
3:07 of 3rd period - Shot by Seth Griffith.
3:07 of 3rd period - Shot Misses the Net.
3:09 of 3rd period - Shot by Nick Cousins.
3:09 of 3rd period - Goal by Nick Cousins - BALTIMORE EAGLES : 6 - SHEDIAC CRUNCH : 2.
3:10 of 3rd period - William Bitten wins face-off versus Filip Engaras in neutral zone.
3:12 of 3rd period - Minor Penalty to Adam Karashik for Tripping.
3:13 of 3rd period - Raphael Lavoie wins face-off versus Zack MacEwen in SHEDIAC CRUNCH zone.
3:25 of 3rd period - Icing by William Bitten.
3:26 of 3rd period - William Bitten wins face-off versus Zack MacEwen in BALTIMORE EAGLES zone.
3:52 of 3rd period - Shot by Raphael Lavoie.
3:52 of 3rd period - Shot Misses the Net.
3:54 of 3rd period - Shot by William Trudeau.
3:54 of 3rd period - Shot Blocked by Seth Barton.
3:56 of 3rd period - Shot by Raphael Lavoie.
3:56 of 3rd period - Shot Misses the Net.
3:58 of 3rd period - Shot by Raphael Lavoie.
3:58 of 3rd period - Shot Misses the Net.
4:00 of 3rd period - Shot by William Trudeau.
4:00 of 3rd period - Stopped by Dryden McKay with a rebound.
5:16 of 3rd period - Shot by Nick Cousins.
5:16 of 3rd period - Deflect By Seth Griffith.
5:16 of 3rd period - Stopped by Dryden McKay without a rebound.
5:17 of 3rd period - Seth Griffith wins face-off versus Alex Galchenyuk in SHEDIAC CRUNCH zone.
5:28 of 3rd period - Shot by Josh Melnick.
5:28 of 3rd period - Shot Misses the Net.
5:30 of 3rd period - Shot by Nick Cousins.
5:30 of 3rd period - Stopped by Dryden McKay with a rebound.
5:44 of 3rd period - Shot by Josh Melnick.
5:44 of 3rd period - Stopped by Dryden McKay with a rebound.
6:02 of 3rd period - Shot by William Bitten.
6:02 of 3rd period - Stopped by Dryden McKay without a rebound.
6:03 of 3rd period - Joseph Cramarossa wins face-off versus William Bitten in SHEDIAC CRUNCH zone.
7:05 of 3rd period - Icing by Zach Sanford.
7:06 of 3rd period - Nick Cousins wins face-off versus Zack MacEwen in SHEDIAC CRUNCH zone.
7:23 of 3rd period - Shot by Nick Cousins.
7:23 of 3rd period - Shot Misses the Net.
7:25 of 3rd period - Shot by Nick Cousins.
7:25 of 3rd period - Deflect By Dylan Gambrell.
7:25 of 3rd period - Stopped by Dryden McKay without a rebound.
7:26 of 3rd period - Kyle Olson wins face-off versus Seth Griffith in SHEDIAC CRUNCH zone.
8:03 of 3rd period - Icing by Josh Melnick.
8:04 of 3rd period - Seth Griffith wins face-off versus Joseph Cramarossa in BALTIMORE EAGLES zone.
8:04 of 3rd period - Seth Griffith is hit by Joseph Cramarossa.
8:15 of 3rd period - Shot by Seth Griffith.
8:15 of 3rd period - Deflect By Mitchell Stephens.
8:15 of 3rd period - Stopped by Dryden McKay with a rebound.
8:21 of 3rd period - Jeremy Davies is hit by Mitchell Stephens and loses puck.
9:02 of 3rd period - Shot by Nick Cousins.
9:02 of 3rd period - Shot Misses the Net.
9:04 of 3rd period - Shot by Kiefer Sherwood.
9:04 of 3rd period - Goal by Kiefer Sherwood - BALTIMORE EAGLES : 7 - SHEDIAC CRUNCH : 2.
9:05 of 3rd period - Alan Quine wins face-off versus William Bitten in neutral zone.
9:05 of 3rd period - Minor Penalty to Brett Murray for Interference.
9:06 of 3rd period - Nick Cousins wins face-off versus Zack MacEwen in BALTIMORE EAGLES zone.
10:18 of 3rd period - Shot by Brogan Rafferty.
10:18 of 3rd period - Stopped by Felix Sandstrom without a rebound.
10:19 of 3rd period - Zack MacEwen wins face-off versus Dylan Gambrell in BALTIMORE EAGLES zone.
10:25 of 3rd period - Shot by Zach Sanford.
10:25 of 3rd period - Deflect By Tanner Kero.
10:25 of 3rd period - Shot Blocked by Dylan Gambrell.
11:18 of 3rd period - Shot by Joseph Cramarossa.
11:18 of 3rd period - Shot Misses the Net.
11:37 of 3rd period - Off-side.
11:38 of 3rd period - Alex Galchenyuk wins face-off versus Seth Griffith in neutral zone.
11:43 of 3rd period - Shot by Kyle Olson.
11:43 of 3rd period - Deflect By Alan Quine.
11:43 of 3rd period - Stopped by Felix Sandstrom without a rebound.
11:44 of 3rd period - Seth Griffith wins face-off versus Kyle Olson in BALTIMORE EAGLES zone.
12:10 of 3rd period - Seth Griffith is hit by Adam Karashik and loses puck.
12:28 of 3rd period - Icing by Adam Karashik.
12:29 of 3rd period - Alan Quine wins face-off versus William Bitten in SHEDIAC CRUNCH zone.
12:39 of 3rd period - Icing by William Bitten.
12:40 of 3rd period - William Bitten wins face-off versus Zack MacEwen in BALTIMORE EAGLES zone.
12:40 of 3rd period - William Bitten is hit by Zack MacEwen.
12:49 of 3rd period - William Trudeau is hit by Zack MacEwen and loses puck.
13:46 of 3rd period - Shot by Alex Whelan.
13:46 of 3rd period - Shot Misses the Net.
13:48 of 3rd period - Shot by Joseph Cramarossa.
13:48 of 3rd period - Shot Misses the Net.
13:50 of 3rd period - Shot by Alex Whelan.
13:50 of 3rd period - Shot Misses the Net.
14:18 of 3rd period - Dylan Gambrell is hit by Alan Quine and loses puck.
14:22 of 3rd period - Icing by Dylan Gambrell.
14:23 of 3rd period - Filip Engaras wins face-off versus Nick Cousins in BALTIMORE EAGLES zone.
14:36 of 3rd period - Shot by Dylan Gambrell.
14:36 of 3rd period - Stopped by Dryden McKay with a rebound.
15:10 of 3rd period - Shot by Seth Griffith.
15:10 of 3rd period - Deflect By Mitchell Stephens.
15:10 of 3rd period - Shot Misses the Net.
15:18 of 3rd period - Shot by Seth Griffith.
15:18 of 3rd period - Deflect By Mitchell Stephens.
15:18 of 3rd period - Stopped by Dryden McKay with a rebound.
15:26 of 3rd period - Shot by Mitchell Stephens.
15:26 of 3rd period - Shot Blocked by Brogan Rafferty.
15:41 of 3rd period - Shot by Josh Melnick.
15:41 of 3rd period - Shot Misses the Net.
15:43 of 3rd period - Shot by Josh Melnick.
15:43 of 3rd period - Shot Hit the Post.
16:12 of 3rd period - Zac Dalpe is hit by Seth Barton and loses puck.
16:27 of 3rd period - Minor Penalty to Joseph Cramarossa for Interference.
16:28 of 3rd period - William Bitten wins face-off versus Tanner Kero in SHEDIAC CRUNCH zone.
16:45 of 3rd period - Shot by William Bitten.
16:45 of 3rd period - Stopped by Dryden McKay with a rebound.
16:57 of 3rd period - Shot by Brett Murray.
16:57 of 3rd period - Stopped by Dryden McKay without a rebound.
16:58 of 3rd period - Tanner Kero wins face-off versus Nick Cousins in SHEDIAC CRUNCH zone.
17:15 of 3rd period - Shot by Nick Cousins.
17:15 of 3rd period - Stopped by Dryden McKay with a rebound.
17:17 of 3rd period - Shot by Corey Schueneman.
17:17 of 3rd period - Shot Blocked by Adam Brubacher.
17:19 of 3rd period - Shot by Nick Cousins.
17:19 of 3rd period - Stopped by Dryden McKay without a rebound.
17:20 of 3rd period - Alex Galchenyuk wins face-off versus William Bitten in SHEDIAC CRUNCH zone.
18:15 of 3rd period - Shot by Kiefer Sherwood.
18:15 of 3rd period - Shot Misses the Net.
18:17 of 3rd period - Shot by Dylan Gambrell.
18:17 of 3rd period - Stopped by Dryden McKay without a rebound.
18:18 of 3rd period - Zack MacEwen wins face-off versus William Bitten in SHEDIAC CRUNCH zone.
18:56 of 3rd period - Shot by Seth Griffith.
18:56 of 3rd period - Shot Misses the Net.
19:19 of 3rd period - Kiefer Sherwood is hit by Jeremy Davies and loses puck.
19:25 of 3rd period - Kiefer Sherwood is hit by Jeremy Davies.
19:53 of 3rd period - Raphael Lavoie is hit by Alex Galchenyuk and loses puck.
Goals for this period are 2 for BALTIMORE EAGLES vs 0 for SHEDIAC CRUNCH.
Shots for this period are 22 for BALTIMORE EAGLES vs 2 for SHEDIAC CRUNCH.